 Dungeon Crawl Stone Soup version 0.18-a0-1570-gf60b0ab (webtiles) character file.

37 Duffy the Sneak (level 3, -1/28 HPs)
             Began as a Naga Enchanter on Mar 14, 2016.
             Slain by a goblin (2 damage)
             ... led by Robin
             ... on level 2 of the Dungeon.
             The game lasted 00:01:18 (1419 turns).

Duffy the Sneak (Naga Enchanter)                    Turns: 1419, Time: 00:01:19

Health: -1/28      AC:  6    Str: 10    XL:     3   Next: 39%
Magic:  6/6        EV: 10    Int: 15    God:
Gold:   94         SH:  0    Dex: 12    Spells: 2 memorised, 2 levels left

rFire  . . .     SeeInvis +     a - +1 dagger
rCold  . . .     Gourm    .     b - +1 robe
rNeg   . . .     Faith    .     (no shield)
rPois  +         Spirit   .     (no helmet)
rElec  .         Dismiss  .     (no cloak)
rCorr  .         Reflect  .     (no gloves)
SustAt .         Harm     .     (no barding)
MR     .....                    (no amulet)
Stlth  +++.......               l - ring of flight
                                j - +3 ring of protection

@: very slow, not resistant to hostile enchantments, fairly stealthy
A: see invisible, deformed body, poison resistance, slowness 2, slow metabolism
1, spit poison 2, AC +1
a: Spit Poison, Evoke Flight


You were on level 2 of the Dungeon.
You were not hungry.

You visited 1 branch of the dungeon, and saw 2 of its levels.

You collected 94 gold pieces.


Innate Abilities, Weirdness & Mutations

You cannot wear boots.
Your serpentine skin is tough (AC +1).
You have supernaturally acute eyesight.
Armour fits poorly on your strangely shaped body.
Your system is resistant to poisons.
You cover ground very slowly.
You have a slow metabolism.
You can spit poison.


   Skills:
 + Level 2.4 Short Blades
 - Level 1.5 Dodging
 + Level 5.5 Stealth
 - Level 2.0 Spellcasting
 - Level 3.0 Hexes


You had 2 spell levels left.
You knew the following spells:

 Your Spells              Type           Power        Failure   Level  Hunger
a - Confuse               Hex            ##......     21%         3    ###....
r - Corona                Hex            ##.....      8%          1    #......

Inventory:

Hand Weapons
 a - a +1 dagger (weapon)
Armour
 b - a +1 robe (worn)
Jewellery
 j - a +3 ring of protection (left hand)
 l - a ring of flight (right hand)
Scrolls
 e - 3 scrolls of blinking {unknown}
 g - a scroll of random uselessness {unknown}
 h - a scroll of remove curse {unknown}
 o - a scroll of identify {unknown}
Potions
 i - 2 potions of haste {unknown}
 k - a potion of ambrosia {unknown}
 m - a potion of berserk rage {unknown}
Books
 c - a book of Maledictions
Comestibles
 d - a bread ration
 f - a meat ration
 n - 2 chunks of flesh

Dungeon Overview and Level Annotations

Branches:
Dungeon (2/15)

Altars:

Annotations:
D:2 Robin


Message History

You are too injured to fight recklessly!
You are too injured to fight recklessly!
You are too injured to fight recklessly!
You are too injured to fight recklessly!
You are too injured to fight recklessly!
You are too injured to fight recklessly!
You are too injured to fight recklessly!
You are too injured to fight recklessly!
You are too injured to fight recklessly!
You are too injured to fight recklessly!
You are too injured to fight recklessly!
You are too injured to fight recklessly!
You are too injured to fight recklessly!
You are too injured to fight recklessly!
You are too injured to fight recklessly!
You are too injured to fight recklessly!
You closely miss the goblin.
The goblin is severely wounded.
The bat hits you but does no damage. The bat closely misses you.
The goblin hits you but does no damage. The hobgoblin hits you.
The goblin hits you but does no damage. The hobgoblin hits you.
Robin throws the goblin at you!
You closely miss the goblin. The hobgoblin hits you with a club.
The goblin completely misses you.
The hobgoblin hits you but does no damage.
The goblin barely misses you. The goblin hits you but does no damage.
The hobgoblin closely misses you. Robin hits you from afar with a spear.
You hit the goblin but do no damage. The hobgoblin closely misses you.
The goblin hits you but does no damage. The hobgoblin barely misses you.
The goblin hits you with a dagger. The goblin hits you but does no damage.
The hobgoblin hits you but does no damage.
You closely miss the goblin.
Robin says, "We wiped out the hill dwarves - you're next!"
Robin barely misses you. The goblin hits you.
You die...

### ..# #.# ### #.#
..# #.# ##.## #.#
######.gg######
#.###
......ggg.....#
#...# #g@g# ###.# #
##g##
#.#.##########b##
#.#.##..........#
###...#...######..#
..................#
###)[##...#######.#
#..###.## .#
#..###.# .#


You could see Robin, 4 hobgoblins, 3 goblins and a bat.

Action                   || total
-------------------------++-------
Melee: Dagger            ||    99
 Abil: Spit Poison       ||     2
 Stab: Sleeping          ||    13
  Eat: Chunk             ||     1

Notes
Turn   | Place    | Note
--------------------------------------------------------------
     0 | D:1      | Duffy the Naga Enchanter began the quest for the Orb.
     0 | D:1      | Reached XP level 1. HP: 15/15 MP: 3/3
    28 | D:1      | Reached XP level 2. HP: 22/22 MP: 5/5
    83 | D:1      | Reached skill level 5 in Stealth
   443 | D:1      | Reached skill level 2 in Short Blades
   674 | D:1      | Reached XP level 3. HP: 28/28 MP: 6/6
   994 | D:1      | Learned a level 3 spell: Confuse
  1409 | D:2      | Noticed Robin
  1419 | D:2      | Slain by a goblin

Vault maps used:
D:1:      erik_arrival_triangle_medium, kennysheep_small_spiral
D:2:      tgw_trog, uniq_robin

Vanquished Creatures
  A worm
  2 dart slugs
  A giant gecko
  4 bats
  2 giant cockroaches
  5 goblins
  2 hobgoblins
  A giant newt
  5 kobolds
  4 rats
27 creatures vanquished.
